AoeStats
← sebasbe

Arena

504046385Analyzed
1v1 RM · 28d ago on Sep 3, 2026· 32m 24s· 2 players
Game mode
Random Map
Map size
Tiny (2 player)
Population
200
Speed
Normal
Resources
Standard
Victory
Conquest
Starting age
Dark Age
Ending age
Imperial Age
RankedLock teamsTeams togetherTeam positionsShared explorationLock speedFull tech treeHidden civsTurbo modeCheats
Victory
Defeat
🇨🇳 Magyars · China
593
+14
🇨🇴 Mongols · Colombia
550
-14
sebasbe
2:03 Loom
9:29 Feudal Age
10:18 Double-Bit Axe
10:17 Horse Collar
11:19 Wheelbarrow
13:06 Wheelbarrow
16:12 Gold Mining
20:07 Castle Age
21:20 Bow Saw
22:01 Hand Cart
24:11 Heavy Plow
27:01 Stone Mining
27:49 Gold Shaft Mining
29:10 Stone Shaft Mining
33:29 Imperial Age
32:12 Forging
开心练一下
9:28 Feudal Age
11:10 Double-Bit Axe
14:31 Horse Collar
14:45 Gold Mining
19:21 Castle Age
21:30 Bloodlines
22:19 Bloodlines
23:08 Bow Saw
23:03 Heavy Plow
23:41 Gold Shaft Mining
23:50 Wheelbarrow
24:58 Hand Cart
26:09 Husbandry
26:18 Loom
28:04 Scale Barding Armor
30:08 Chain Barding Armor
30:26 Town Watch
Connection lost

Rejoining the realm…

Still unreachable

The connection could not be restored.

Session expired

The server has moved on; the page needs a fresh start.